 Dungeon Crawl Stone Soup version 0.30-a0-782-ge64f9170bb (webtiles) character file.

Game seed: 10820599719980431037

30 Oxelix the Twirler (level 3, 37/37 HPs)
             Began as an Ogre Gladiator on Feb 18, 2023.
             Was a Follower of Trog.
             Got out of the dungeon alive.
             The game lasted 00:01:23 (633 turns).

Oxelix the Twirler (Ogre Gladiator)                  Turns: 633, Time: 00:01:24

Health: 37/37      AC:  3    Str: 20    XL:     3   Next: 18%
Magic:  3/3        EV: 10    Int:  9    God:    Trog [*.....]
Gold:   54         SH:  0    Dex: 16    Spells: 2/2 levels left

rFire   . . .      SeeInvis .    a - +0 quarterstaff
rCold   . . .      Faith    .    (shield currently unavailable)
rNeg    . . .      Spirit   .    b - +0 robe
rPois   .          Reflect  .    c - +0 hat
rElec   .          Harm     .    (no cloak)
rCorr   .          Rampage  .    (gloves unavailable)
Will    .....                    (boots unavailable)
Stlth   +                        (no amulet)
HPRegen 0.26/turn                i - +6 ring of dexterity
MPRegen 0.08/turn                (no ring)

@: studying Stealth
A: large, unfitting armour, tough skin 1
a: Renounce Religion, Berserk


You escaped.
You worshipped Trog.
Trog was aware of your devotion.
You visited 1 branch of the dungeon, and saw 1 of its levels.

You collected 54 gold pieces.

Inventory:

Hand Weapons
 a - a +0 quarterstaff (weapon)
Missiles
 d - 3 throwing nets (quivered)
 e - a large rock
Armour
 b - a +0 robe (worn)
 c - a +0 hat (worn)
Jewellery
 i - a +6 ring of dexterity (left hand)
Scrolls
 g - a scroll of vulnerability {unknown}
 h - a scroll of identify {unknown}
 j - a scroll of teleportation {unknown}
 k - a scroll of enchant armour {unknown}
 m - a scroll of amnesia {unknown}
Potions
 f - a potion of haste {unknown}
 l - a potion of cancellation {unknown}


   Skills:
 + Level 3.4 Fighting
 * Level 3.9 Staves
 - Level 2.0 Throwing
 - Level 2.6 Dodging


You had 2 spell levels left.
You didn't know any spells.
Your spell library contained the following spells:

 Spells                   Type           Power      Damage    Failure   Level
 Magic Dart               Conj           0%         1d3       38%         1
 Call Imp                 Summ           0%         N/A       52%         2
 Mephitic Cloud           Conj/Pois/Air  0%         N/A       77%         3


Dungeon Overview and Level Annotations

Branches:
Dungeon (1/15)

Altars:
Trog


Innate Abilities, Weirdness & Mutations

You are too large for most types of armour.
You have tough skin. (AC +1)


Message History

You kill the frilled lizard!
l - an orange potion You see here 5 stones.
You see here 5 stones.
A quokka is nearby!
A quokka is nearby!
A quokka is nearby!
A quokka is nearby!
You see here a dart slug corpse.
A giant cockroach comes into view.
The giant cockroach bites you. The giant cockroach barely misses you.
You sock the giant cockroach!
You kill the giant cockroach!
You open the door.
Found a faded altar of an unknown god.
There is an open door here.
Something hits the fungus.
The fungus begins to die.
You open the door. The bat hits you but does no damage.
There is an open door here.
The bat hits you. The bat barely misses you.
A bat is nearby!
You hit the bat.
You kill the bat!
m - a scroll labelled XICVUNGEPA
There is a faded altar of an unknown god here.
This altar belongs to (a) Trog, (b) Cheibriados or (c) Nemelex Xobeh, but you can't tell which.
Press the corresponding letter to learn more about a god, or press enter to convert or escape to cancel.
Okay, then.
This altar belongs to (a) Trog, (b) Cheibriados or (c) Nemelex Xobeh, but you can't tell which.
Press the corresponding letter to learn more about a god, or press enter to convert or escape to cancel.
Trog accepts your prayer! Trog welcomes you!
You can now go berserk at will.
Are you sure you want to abandon this character and quit the game? (Confirm with "yes".)
Okay, then.
There is an open door here.
There is an open door here.
There is an open door here.
There is a staircase leading out of the dungeon here.
Are you sure you want to leave the Dungeon?
This will make you lose the game!
You have escaped!

...#####..........#........######
...# #.#######.########### ...#
#.#######+###### #.##
#.##...........# ..#
#>##...........# .##
####...........# ####### .######
#...........# #...... ......#
#...........# #......
......#####.....@.....# #......
.........##...........# #######
.##..###.##...........#
.###.##..##...........# .#
#.##.###...........# .# #.##.#
#...........#
.###.#..########'######
.........##### #.################
......#......###.##..............


There were no monsters in sight!

Vanquished Creatures
  2 dart slugs (D:1)
  2 endoplasms (D:1)
  3 giant cockroaches (D:1)
  A goblin (D:1)
  3 hobgoblins (D:1)
  3 kobolds (D:1)
  2 ball pythons (D:1)
  3 bats (D:1)
  4 frilled lizards (D:1)
  A rat (D:1)
24 creatures vanquished.

Vanquished Creatures (others)
  A fungus (D:1)
1 creature vanquished.

Grand Total: 25 creatures vanquished

Notes
Turn   | Place    | Note
-------+----------+-------------------------------------------
     0 | D:1      | Oxelix the Ogre Gladiator began the quest for the Orb.
     0 | D:1      | Reached XP level 1. HP: 22/22 MP: 1/1
   151 | D:1      | Reached XP level 2. HP: 31/31 MP: 2/2
   353 | D:1      | Reached XP level 3. HP: 37/37 MP: 3/3
   562 | D:1      | Found a faded altar of an unknown god.
   581 | D:1      | Prayed at the altar of an unknown god.
   581 | D:1      | Became a worshipper of Trog the Wrathful
   581 | D:1      | Reached * piety under Trog
   633 | D:$      | Got out of the dungeon alive.

Illustrated notes

Levels and vault maps discovered:
D:1:      psy_arrival_statuary, layout_rooms, shapermc_ecumenical_altar_ellora

Skill      XL: |  1 |
---------------+----+-----
Fighting       | 3 |  3.4
Staves         | |  3.9
Throwing       | |  2.0
Dodging        | |  2.6

Action                     || total
---------------------------++-------
  Melee: Quarterstaff      ||    49
 Armour: Robe              ||    19
  Dodge: Dodged            ||    32

Table legend: (Time is in decaauts)
 A = Elapsed time spent in this place.
 B = Non-inter-level travel time spent in this place.
 C = Inter-level travel time spent in this place.
 D = Time resting spent in this place.
 E = Time spent auto-exploring this place.
 F = Levels seen in this place.
 G = Mean time per level.
                   A        B        C        D        E       F      G
               +--------+--------+--------+--------+--------+-----+--------+
         Total |    638 |    588 |     50 |     65 |    336 |   1 |  638.0 |
       Dungeon |    638 |    588 |     50 |     65 |    336 |   1 |  638.0 |
               +--------+--------+--------+--------+--------+-----+--------+

Top non-repeatable levels by time:
     D:1: 638 daAuts
